 Dungeon Crawl Stone Soup version 0.18.1-48-g4cf74bf (webtiles) character file.

21 tyranidshit the Grave Robber (level 2, -2/25 HPs)
             Began as a Deep Dwarf Necromancer on July 11, 2016.
             Engulfed by a cloud of flame (14 damage)
             ... on level 1 of the Dungeon.
             The game lasted 00:03:48 (612 turns).

tyranidshit the Grave Robber (DDNe)                  Turns: 612, Time: 00:03:48

Health: -2/25      AC:  3    Str: 11    XL:     2   Next: 65%
Magic:  5/5        EV: 12    Int: 15    God:
Gold:   19         SH:  0    Dex: 13    Spells: 1 memorised, 4 levels left

rFire  . . .     SeeInvis .     k - +0 short sword
rCold  . . .     Gourm    .     a - +0 robe
rNeg   . . .     Faith    .     (no shield)
rPois  .         Spirit   .     l - +0 helmet
rElec  .         Dismiss  .     (no cloak)
rCorr  .         Reflect  .     (no gloves)
SustAt .         Harm     .     (no boots)
MR     .....                    (no amulet)
Stlth  ++........               (no ring)
                                (no ring)

@: non-regenerating, not resistant to hostile enchantments, unstealthy
A: damage resistance, recharge devices, sense surroundings 1, slow regeneration
3
a: Device Recharging


You were on level 1 of the Dungeon.
You were not hungry.

You visited 1 branch of the dungeon, and saw 1 of its levels.

You collected 19 gold pieces.

Inventory:

Hand Weapons
 f - a +0 club
 k - a +0 short sword (weapon)
Armour
 a - a +0 robe (worn)
 l - a +0 helmet (worn)
 n - a +0 robe
Wands
 c - a wand of heal wounds (5/9)
Scrolls
 e - a scroll of amnesia {unknown}
 g - 2 scrolls of recharging {unknown}
 h - a scroll of blinking {unknown}
 i - a scroll of remove curse {unknown}
Books
 b - a book of Necromancy

   Spells                             Type                      Level
   a - Pain                           Necromancy                   1
   b - Animate Skeleton               Necromancy                   1
   c - Vampiric Draining              Necromancy                   3
   d - Regeneration                   Charms/Necromancy            3
   e - Animate Dead                   Necromancy                   4
   f - Control Undead                 Necromancy                   4
Comestibles
 d - 2 bread rations
 j - a royal jelly
 m - a beef jerky


   Skills:
 + Level 1.3 Fighting
 - Level 2.1 Dodging
 - Level 2.4 Stealth
 + Level 2.3 Spellcasting
 - Level 4.3 Necromancy


You had 4 spell levels left.
You knew the following spells:

 Your Spells              Type           Power        Failure   Level  Hunger
a - Pain                  Necr           ##..         4%          1    #......


Dungeon Overview and Level Annotations

Branches:
Dungeon (1/15)

Altars:


Innate Abilities, Weirdness & Mutations

You are resistant to damage.
You can recharge devices by infusing magical energy.
You passively map a small area around you.
You do not regenerate naturally.


Message History

Really walk into a travel-excluded area? [Y]es or [N]o only, please.
Really walk into a travel-excluded area?
Okay, then.
Found 19 sling bullets.
Found a robe.
Really walk into a travel-excluded area? [Y]es or [N]o only, please.
Really walk into a travel-excluded area?
Okay, then.
Really walk into a travel-excluded area?
You see here a robe.
n - a robe Really walk into a travel-excluded area?
Really walk into that cloud of flame?
Okay, then.
Really walk into that cloud of flame?
You are engulfed in roaring flames.
Ouch! That really hurt!
You die...

......####...####
#.# #..###.#
............##
#.# #.......
##########..#
#.#* #.......
#..#### #...#
######.. #.....#
#§§.# #.. #.#####
#§§.# ####..
###### #.#####
#§.§# #.....
.....#
#.....#####...#*
#####. ####.#
#####..@§§..(..
#. #.#
#..§§§.(!$.§, #.
#.# ##.§§§.!!?. ,
#. #.# ######...#
* #. #.# #§§§# #.
#.# #§§§# #. #.#
#§§§# #. #.#
##...#########.
#.#
#.#..............


There were no monsters in sight!

Vanquished Creatures
  A dart slug (D:1)
  2 giant geckos (D:1)
  A giant cockroach (D:1)
  2 goblins (D:1)
  3 hobgoblins (D:1)
  2 jackals (D:1)
  2 kobolds (D:1)
  2 bats (D:1)
15 creatures vanquished.

Vanquished Creatures (others)
  A bat (D:1)
1 creature vanquished.

Grand Total: 16 creatures vanquished

Notes
Turn   | Place    | Note
--------------------------------------------------------------
     0 | D:1      | tyranidshit the Deep Dwarf Necromancer began the quest for the Orb.
     0 | D:1      | Reached XP level 1. HP: 15/15 MP: 3/3
   190 | D:1      | Reached XP level 2. HP: 18/24 MP: 0/5
   325 | D:1      | Reached skill level 1 in Fighting
   612 | D:1      | Engulfed by a cloud of flame

Skill      XL: |  1  2 |
---------------+-------+-----
Spellcasting   | 2 |  2.3
Fighting       | 1 |  1.3
Dodging        | |  2.1
Stealth        | |  2.4
Necromancy     | |  4.3

Action                   || total
-------------------------++-------
Melee: Club              ||    23
       Unarmed           ||     1
       Short sword       ||     9
 Cast: Pain              ||    27
Armor: Robe              ||    18
Dodge: Dodged            ||    42
